 Dungeon Crawl Stone Soup version 0.18-a0-1535-g243bd92 (webtiles) character file.

16 Oddball22 the Stinger (level 2, 0/17 HPs)
             Began as an Octopode Venom Mage on Mar 9, 2016.
             Slain by a hobgoblin
             ... wielding a +0 club
              (4 damage)
             ... on level 1 of the Dungeon.
             The game lasted 00:01:51 (465 turns).

Oddball22 the Stinger (Octopode Venom Mage)          Turns: 465, Time: 00:01:51

Health: 0/17       AC:  1    Str:  7    XL:     2   Next: 54%
Magic:  1/5        EV: 12    Int: 17    God:
Gold:   28         SH:  0    Dex: 12    Spells: 1 memorised, 4 levels left

rFire  . . .     SeeInvis .     (no weapon)
rCold  . . .     Gourm    .     (no shield)
rNeg   . . .     Faith    .     (helmet restricted)
rPois  .         Spirit   .     (no amulet)
rElec  .         Dismiss  .     (no ring)
rCorr  .         Reflect  .     (no ring)
SustAt .         Harm     .     (no ring)
MR     .....                    (no ring)
Stlth  +++.......               (no ring)
                                (no ring)
                                (no ring)
                                (no ring)

@: very slightly contaminated, invisible, not resistant to hostile enchantments,
fairly stealthy
A: almost no armour, amphibious, 8 rings, constrict 8, camouflage 1, gelatinous
body 1
a: no special abilities


You were on level 1 of the Dungeon.
You were not hungry.

You visited 1 branch of the dungeon, and saw 1 of its levels.

You collected 28 gold pieces.

Inventory:

Missiles
 e - 7 javelins (quivered)
Books
 a - a Young Poisoner's Handbook

   Spells                             Type                      Level
   a - Sting                          Conjuration/Poison           1
   b - Cure Poison                    Poison                       2
   c - Mephitic Cloud                 Conjuration/Poison/Air       3
   d - Olgreb's Toxic Radiance        Poison                       4
   e - Venom Bolt                     Conjuration/Poison           5
Comestibles
 b - 2 bread rations
 d - 5 chunks of flesh


   Skills:
 - Level 2.0 Dodging
 - Level 2.6 Stealth
 + Level 2.3 Spellcasting
 * Level 5.3 Poison Magic


You had 4 spell levels left.
You knew the following spells:

 Your Spells              Type           Power        Failure   Level  Hunger
a - Sting                 Conj/Pois      ##..         10%         1    #......


Dungeon Overview and Level Annotations

Branches:
Dungeon (1/15)

Altars:


Innate Abilities, Weirdness & Mutations

You cannot wear most types of armour.
You are amphibious.
You can wear up to eight rings at the same time.
You can use your tentacles to constrict eight enemies at once.
Your skin changes colour to match your surroundings (Stealth).
Your rubbery body absorbs attacks (AC +1).


Message History

Press: ? - help, Shift-Dir - straight line, f - hobgoblin
Aim: a hobgoblin, wielding a club The sting misses the hobgoblin.
The sting hits the goblin.
The goblin is severely wounded.
The hobgoblin hits you with a club.
* * * LOW HITPOINT WARNING * * *
Casting: Sting
Confirm with . or Enter, or press ? or * to list all spells.
You don't know that spell.
Drink which item? (? for menu, Esc to quit)
It was a potion of invisibility.
You fade into invisibility!
The hobgoblin closely misses you.
A giant newt comes into view.
Found a fizzy coppery potion.
The helpless giant newt fails to defend itself.
You tentacle-slap the giant newt.
You kill the giant newt!
The hobgoblin hits you with a club.
You die...

#........g....#
#.............#
#####.#......>#
########.#.......#
#.....)†..(.......
#.#########.######
#g##..............
#g#.#............#
#@#..#....#.....#.
#!#...#....#...#..
#.#....#..#.#.#...
#.#.....##...#....
#.#.....#.....#...
#.#....#...#...#..
#.#.#.#...#.#...#.
#.. .#...#.<.#...#
#.#.......#...


You could see a hobgoblin and a goblin (wandering).

Vanquished Creatures
  A dart slug (D:1)
  A giant gecko (D:1)
  A bat (D:1)
  3 goblins (D:1)
  A hobgoblin (D:1)
  A giant newt (D:1)
  2 kobolds (D:1)
  2 rats (D:1)
12 creatures vanquished.

Notes
Turn   | Place    | Note
--------------------------------------------------------------
     0 | D:1      | Oddball22 the Octopode Venom Mage began the quest for the Orb.
     0 | D:1      | Reached XP level 1. HP: 11/11 MP: 3/3
    32 | D:1      | Reached skill level 5 in Poison Magic
   276 | D:1      | Reached XP level 2. HP: 17/17 MP: 0/5
   465 | D:1      | Slain by a hobgoblin

Vault maps used:
D:1:      matt_arrival_diagonals

Skill      XL: |  1 |
---------------+----+-----
Poison Magic   | 5 |  5.3
Dodging        | |  2.0
Stealth        | |  2.6
Spellcasting   | |  2.3

Action                   || total
-------------------------++-------
Melee: Unarmed           ||    10
 Cast: Sting             ||    18
  Use: Potion            ||     1
 Stab: Sleeping          ||     1
